[Event "Late-Titled-Tuesday-Blitz-February-27-2024"]
[Site "Chess.com"]
[Date "2024.02.27"]
[Round "9"]
[White "pooh2012"]
[Black "Goryachkina"]
[Result "0-1"]
[WhiteElo "2491"]
[BlackElo "2698"]
[TimeControl "180+1"]
[EndTime "15:43:08 PST"]
[Termination "Goryachkina won on time"]

1. d4 Nf6 2. c4 e6 3. Nc3 Bb4 4. g3 O-O 5. Bg2 c5 6. Nf3 cxd4 7. Nxd4 Nc6 8. O-O a6 9. Bg5 h6 10. Bf4 Re8 11. Nxc6 dxc6 12. Qxd8 Rxd8 13. Rfd1 Re8 14. Be5 Ng4 15. Bc7 Bc5 16. e3 e5 17. Na4 Ba7 18.
Nb6 Bxb6 19. Bxb6 Be6 20. b3 Nf6 21. Bc7 Bf5 22. h3 h5 23. Rd2 Rac8 24. Ba5 Ne4 25.
Bxe4 Bxe4 26. Rd7 b5 27. c5 Bf5 28. Ra7 Bxh3 29. Rxa6 Bg4 30. Ra7 Bf3 31. Bc3 Re6 32. a4 h4 33. gxh4 Rce8 0-1

[Event "Late-Titled-Tuesday-Blitz-February-27-2024"]
[Site "Chess.com"]
[Date "2024.02.27"]
[Round "9"]
[White "Brahianzevich"]
[Black "IlanSchnaider"]
[Result "1/2-1/2"]
[WhiteElo "2506"]
[BlackElo "2697"]
[TimeControl "180+1"]
[EndTime "15:43:11 PST"]
[Termination "Game drawn by repetition"]

1. e4 c5 2. Nf3 d6 3. d4 cxd4 4. Nxd4 Nf6 5. Nc3 a6 6. Bg5 Nbd7 7. f4 Qc7 8. Qe2 h6 9. Bh4 g6 10. O-O-O e5 11. Nd5 Nxd5 12. exd5 Bg7 13. f5 O-O 14. Nb3 gxf5 15. g4 Nc5 16. g5 hxg5 17. Bxg5 Ne4 18. Rg1 Nxg5 19. Rxg5 f6 20. Rg6 f4 21. Qh5 f5 22.
Bd3 e4 23. Rdg1 Rf7 24. Rxg7+ Rxg7 25. Qe8+ Kh7 26. Qh5+ Kg8 27. Qe8+ Kh7 28. Qh5+ Kg8 1/2-1/2

[Event "Late-Titled-Tuesday-Blitz-February-27-2024"]
[Site "Chess.com"]
[Date "2024.02.27"]
[Round "9"]
[White "Englishman_18"]
[Black "yuriydovzik"]
[Result "1-0"]
[WhiteElo "2304"]
[BlackElo "2123"]
[TimeControl "180+1"]
[EndTime "15:43:12 PST"]
[Termination "Englishman_18 won on time"]

1. Nf3 Nf6 2. g3 b6 3. Bg2 Bb7 4. O-O g6 5. b3 Bg7 6. Bb2 O-O 7.
c4 c5 8. d4 d6 9. d5 a6 10. Nc3 Nbd7 11. Qc2 Ng4 12. e4 Nde5 13. Nxe5 Nxe5 14. h3 Bc8 15. f4 Nd7 16. Rae1 f6 17. Nb1 Rf7 18. Nd2 b5 19. Nf3 Nb6 20. e5 bxc4 21.
bxc4 a5 22. exf6 exf6 23. Re2 Ba6 24. Nd2 Re7 25. Rfe1 Raa7 26. Qb3 Rxe2 27. Rxe2 a4 28. Qc2 Re7 29. Ne4 Kf7 30. g4 1-0

[Event "Late-Titled-Tuesday-Blitz-February-27-2024"]
[Site "Chess.com"]
[Date "2024.02.27"]
[Round "9"]
[White "shirovin"]
[Black "Zampronha1971"]
[Result "0-1"]
[WhiteElo "2076"]
[BlackElo "2339"]
[TimeControl "180+1"]
[EndTime "15:43:14 PST"]
[Termination "Zampronha1971 won on time"]

1. e4 c5 2. Nf3 e6 3. b4 d5 4. exd5 Qxd5 5. Nc3 Qd8 6. Bb5+ Nc6 7. bxc5 Bxc5 8. O-O Nf6 9. Bxc6+ bxc6 10. d4 Bb4 11.
Na4 Ba6 12. c3 Bxf1 13. cxb4 Bb5 14. Nc5 Nd7 15. a4 Bc4 16. Qc2 Bd5 17. Ng5 Nf6 18. Bf4 O-O 19. Be5 g6 20. h4 Nd7 21. Nxd7 Qxd7 22.
Bf6 h6 23. Nh3 Kh7 24. Nf4 Rg8 25. Re1 a5 26. bxa5 Rxa5 27. Re5 c5 28. Qd2 Qxa4 29. h5 Qa1+ 30. Kh2 Ra2 31. Qe3 Qxd4 32. Qg3 Qxf2 33.
Qh3 Qxf4+ 0-1

[Event "Late-Titled-Tuesday-Blitz-February-27-2024"]
[Site "Chess.com"]
[Date "2024.02.27"]
[Round "9"]
[White "LUISMIGUELOV"]
[Black "kripri"]
[Result "0-1"]
[WhiteElo "2186"]
[BlackElo "2356"]
[TimeControl "180+1"]
[EndTime "15:43:16 PST"]
[Termination "kripri won by resignation"]

1. d4 d5 2. c3 Nf6 3. Bg5 e6 4. Nd2 Be7 5. e3 O-O 6. Bd3 c5 7. Qf3 Nc6 8. h4 e5 9. Bxf6 Bxf6 10. dxe5 Nxe5 11. Qe2 Re8 12. Ngf3 Bg4 13. O-O-O Nxd3+ 14. Qxd3 Qd7 15. Ng5 Bf5 16. e4 Bg6 17. Qxd5 Qa4 18. Qb3 Qa6 19. f3 b5 20. Nh3 c4 21. Qa3 Qxa3 22.
bxa3 Bxc3 23. Nf4 f6 24. Nxg6 hxg6 25. h5 gxh5 26. Rxh5 a6 27. Rdh1 Kf7 28. Nb1 Bd4 29. Rd5 Rad8 30. Rd1 Rxd5 31. exd5 Bc5 32. a4 b4 33. a5 Re2 34. d6 Be3+ 35. Nd2 c3 36. d7 Ke7 37. Kc2 Kxd7 38. Kd3 Rxd2+ 39. Rxd2 Bxd2 0-1

[Event "Late-Titled-Tuesday-Blitz-February-27-2024"]
[Site "Chess.com"]
[Date "2024.02.27"]
[Round "9"]
[White "FairChess_on_YouTube"]
[Black "Grischuk"]
[Result "1-0"]
[WhiteElo "3110"]
[BlackElo "3044"]
[TimeControl "180+1"]
[EndTime "15:43:18 PST"]
[Termination "FairChess_on_YouTube won on time"]

1. c4 c6 2. Nf3 d5 3. e3 Nf6 4. Nc3 e6 5. b3 Bd6 6. Bb2 O-O 7. Be2 e5 8. d4 e4 9. Nd2 Re8 10. g4 Be6 11. g5 Nfd7 12. h4 a6 13. c5 Bc7 14. Qc2 f5 15. O-O-O f4 16. Ndxe4 dxe4 17. d5 cxd5 18. Nxd5 fxe3 19. fxe3 Bxd5 20. Rxd5 Qe7 21. Bc4 Kh8 22. h5 Be5 23. h6 Qxg5 24. Kb1 Nf6 25. hxg7+ Kxg7 26. Qh2 Nc6 27. Rd7+ Kg6 28. Bf7+ 1-0

[Event "Late-Titled-Tuesday-Blitz-February-27-2024"]
[Site "Chess.com"]
[Date "2024.02.27"]
[Round "9"]
[White "jcmesafischer"]
[Black "kalxandria"]
[Result "1-0"]
[WhiteElo "2355"]
[BlackElo "2144"]
[TimeControl "180+1"]
[EndTime "15:43:18 PST"]
[Termination "jcmesafischer won by resignation"]

1. e4 e5 2. Nf3 Nc6 3. Bc4 Bc5 4. c3 Nf6 5. d3 d6 6. O-O Bb6 7. Nbd2 O-O 8. b4 Be6 9. Bxe6 fxe6 10. Nc4 Qe8 11. a4 a6 12. Nxb6 cxb6 13. Be3 Qd8 14. Nd2 d5 15. Bg5 d4 16. Qb3 dxc3 17. Qxc3 Nd4 18.
Rae1 Rc8 19. Qb2 Rc2 20. Qb1 Qe8 21. Be3 Qxa4 22. Nc4 Ng4 23. Nxb6 Qb5 24. Bxd4 exd4 25. Qxc2 Qxb6 26. Qc5 Qxc5 27. bxc5 Ne5 28. Rd1 Rc8 29.
f4 Ng4 30. Rb1 Ne3 31. Rfc1 Rc7 32. Rb4 a5 33. Rxd4 b6 34. c6 b5 35. Rd7 Rc8 36.
c7 b4 37. Rd8+ Kf7 38. Rxc8 b3 39. Rf8+ Kxf8 40. c8=Q+ Kf7 41. Rc7+ 1-0

[Event "Late-Titled-Tuesday-Blitz-February-27-2024"]
[Site "Chess.com"]
[Date "2024.02.27"]
[Round "9"]
[White "Tunahan_Makaraci"]
[Black "Korchmar_Vasiliy"]
[Result "0-1"]
[WhiteElo "2582"]
[BlackElo "2715"]
[TimeControl "180+1"]
[EndTime "15:43:19 PST"]
[Termination "Korchmar_Vasiliy won by resignation"]

1. e4 c5 2. Nf3 a6 3. c3 d5 4.
exd5 Nf6 5. d4 Nxd5 6. Bc4 e6 7.
O-O Nc6 8. Be3 cxd4 9. Bxd5 exd5 10. Nxd4 Bd6 11. Nd2 O-O 12. N2f3 Bg4 13. h3 Bh5 14. Nf5 Bc7 15. Bc5 Re8 16. Ng3 Bg6 17.
Qd2 h6 18. Rfe1 Qf6 19. Nd4 Ne5 20. b3 Nd3 21. Rxe8+ Rxe8 22. Ba3 Bf4 23. Qd1 Nxf2 24. Qf3 Ne4 25. Nge2 Bg5 26. Qxf6 Bxf6 27. Bb2 Nc5 28. Nf4 Be4 29. Re1 Rd8 30. Rd1 Bg5 31. Bc1 Rc8 32. Be3 Nd7 33. Nde2 Nf6 34. g3 h5 35. Kf2 h4 36.
Ng2 hxg3+ 37. Nxg3 Bxe3+ 38. Nxe3 Rxc3 39. Nxe4 dxe4 40. Rd8+ Kh7 41. Nf5 Rf3+ 0-1

[Event "Late-Titled-Tuesday-Blitz-February-27-2024"]
[Site "Chess.com"]
[Date "2024.02.27"]
[Round "9"]
[White "secretsuperstar7"]
[Black "Boninknights"]
[Result "1/2-1/2"]
[WhiteElo "2509"]
[BlackElo "2400"]
[TimeControl "180+1"]
[EndTime "15:43:19 PST"]
[Termination "Game drawn by repetition"]

1. c4 Nc6 2. Nc3 e5 3. Nf3 Nf6 4. d3 Bb4 5. Bd2 O-O 6. g3 Bxc3 7. Bxc3 d6 8. Bg2 Re8 9. O-O a5 10. Rb1 e4 11. Nd4 Nxd4 12. Bxd4 Bf5 13. Bxf6 Qxf6 14.
dxe4 Bxe4 15. Bxe4 Rxe4 16. Qd5 Rxe2 17. Qxb7 Rae8 18.
Qxc7 h5 19. h4 Rxb2 20. Rxb2 Qxb2 21. Qxa5 g6 22. Qa6 Re6 23. a4 Kg7 24. Qb5 Qa2 25. a5 Re5 26. Qd7 Qxc4 27. Qxd6 Rxa5 28. Re1 Ra2 29. Re8 Ra1+ 30. Kh2 Rh1+ 31. Kxh1 Qf1+ 32. Kh2 Qxf2+ 33. Kh1 Qf1+ 34. Kh2 Qf2+ 35. Kh1 Qf1+ 36. Kh2 Qf2+ 1/2-1/2

[Event "Late-Titled-Tuesday-Blitz-February-27-2024"]
[Site "Chess.com"]
[Date "2024.02.27"]
[Round "9"]
[White "Alphafischer2019"]
[Black "Nouali_Mohamed"]
[Result "1-0"]
[WhiteElo "2702"]
[BlackElo "2527"]
[TimeControl "180+1"]
[EndTime "15:43:20 PST"]
[Termination "Alphafischer2019 won on time"]

1. e4 c5 2. d3 Nc6 3. g3 g6 4. Bg2 Bg7 5. f4 d6 6. Nf3 Bg4 7. O-O Nf6 8. h3 Bxf3 9. Qxf3 O-O 10. c3 Nd7 11. Be3 b5 12. Qf2 b4 13. d4 bxc3 14. bxc3 cxd4 15. cxd4 Rc8 16. Nd2 Nb4 17. Nb3 Rc2 18.
Qe1 Qb8 19. e5 Rfc8 20. Bf2 e6 21. Qd1 d5 22. a3 Na6 23. Rb1 Qc7 24. Re1 Bf8 25.
Bf1 Nab8 26. a4 Bb4 27. Re2 a5 28. Rxc2 Qxc2 29. Bb5 Nb6 30. Nc5 Qxd1+ 31. Rxd1 Kf8 32. g4 Ke7 33. f5 gxf5 34. gxf5 exf5 35. Kg2 N8d7 36.
Bh4+ f6 37. exf6+ Kd6 38. Bg3+ f4 39. Bxf4+ 1-0

[Event "Late-Titled-Tuesday-Blitz-February-27-2024"]
[Site "Chess.com"]
[Date "2024.02.27"]
[Round "9"]
[White "ImportedItalianMaple"]
[Black "TheMagician"]
[Result "0-1"]
[WhiteElo "2477"]
[BlackElo "2176"]
[TimeControl "180+1"]
[EndTime "15:43:20 PST"]
[Termination "TheMagician won on time"]

1. Nf3 d5 2. g3 c6 3. Bg2 h6 4.
O-O Bf5 5. c4 e6 6. cxd5 exd5 7. d3 Nf6 8. Nc3 Be7 9. Qb3 Qb6 10. e4 Qxb3 11. axb3 dxe4 12. dxe4 Be6 13. Nd4 Nbd7 14. Be3 Ng4 15. Nxe6 fxe6 16. Rxa7 Rxa7 17. Bxa7 Kf7 18. h3 Ra8 19. Bd4 e5 20. hxg4 exd4 21. Ne2 c5 22. Rd1 Ra2 23. Rd2 Ne5 24. f3 Ra1+ 25. Kf2 Bg5 26. Nf4 Rb1 27. Ke2 Ng6 28.
Kd3 Bxf4 29. gxf4 Nxf4+ 30. Kc4 Rc1+ 31. Kb5 d3 32. e5 Rc2 33. Rd1 Rxg2 34. Kxc5 Rxb2 35.
b4 Ke6 36. Kd4 Rxb4+ 37. Ke3 Kxe5 38. Ra1 Rb2 39. Ra5+ b5 0-1

[Event "Late-Titled-Tuesday-Blitz-February-27-2024"]
[Site "Chess.com"]
[Date "2024.02.27"]
[Round "9"]
[White "yaguigor"]
[Black "GilbertoHernandezAmura"]
[Result "1-0"]
[WhiteElo "2631"]
[BlackElo "2460"]
[TimeControl "180+1"]
[EndTime "15:43:22 PST"]
[Termination "yaguigor won by checkmate"]

1. d4 c5 2. d5 Nf6 3. Nc3 d6 4.
e4 g6 5. Bb5+ Nfd7 6. a4 Bg7 7.
Nf3 Na6 8. O-O O-O 9. Re1 Nb4 10. Bf4 a6 11. Bc4 Nb6 12. Bf1 Bg4 13. Be2 Nd7 14. Nd2 Bxe2 15. Rxe2 Ne5 16. Bg3 b5 17.
axb5 axb5 18. Rxa8 Qxa8 19. Nxb5 Rb8 20. Na3 Qa4 21.
Re1 Na6 22. Bxe5 Bxe5 23. Nac4 Bxb2 24. Nxb2 Rxb2 25. c3 Qa2 26. Nf3 Rxf2 27. e5 Rxg2+ 28. Kh1 Rf2 29. exd6 exd6 30. Qd3 Nc7 31. c4 Qb2 32.
Qe3 h5 33. Kg1 Rc2 34. Qf4 Qb6 35. Ng5 Nxd5 36. Qxf7+ Kh8 37. Re8# 1-0

[Event "Late-Titled-Tuesday-Blitz-February-27-2024"]
[Site "Chess.com"]
[Date "2024.02.27"]
[Round "9"]
[White "Maikrosoft63"]
[Black "Inepton_Fermion"]
[Result "1-0"]
[WhiteElo "2622"]
[BlackElo "2457"]
[TimeControl "180+1"]
[EndTime "15:43:23 PST"]
[Termination "Maikrosoft63 won on time"]

1. e4 c5 2. Nf3 e6 3. b3 d5 4. exd5 exd5 5. Bb2 Nf6 6. Bb5+ Bd7 7. Bxd7+ Nbxd7 8.
O-O Be7 9. d4 b6 10. Nbd2 O-O 11. Re1 Re8 12. dxc5 bxc5 13. Nf1 Qc7 14. Ng3 Bf8 15. Qd3 c4 16. Qd4 Bc5 17. Qh4 c3 18. Bxc3 Bxf2+ 19. Kxf2 Qxc3 20. Kg1 Qxc2 21. h3 Nf8 22.
Qd4 Ne6 23. Qa4 a5 24. Rac1 Qg6 25. Kh2 h6 26. Nd4 Nxd4 27. Qxd4 Ne4 28. Re3 Rad8 29.
Rf1 h5 30. Rf4 Ng5 31. Rxe8+ Rxe8 32. Qxd5 Ne6 33. Rf2 1-0

[Event "Late-Titled-Tuesday-Blitz-February-27-2024"]
[Site "Chess.com"]
[Date "2024.02.27"]
[Round "9"]
[White "wild3000"]
[Black "Kirill_Klukin"]
[Result "0-1"]
[WhiteElo "2508"]
[BlackElo "2847"]
[TimeControl "180+1"]
[EndTime "15:43:24 PST"]
[Termination "Kirill_Klukin won by resignation"]

1. a3 d5 2. e3 Nf6 3. Nf3 Bg4 4. h3 Bh5 5. d4 e6 6. c4 c6 7.
Nc3 Nbd7 8. Be2 Bd6 9. cxd5 exd5 10. O-O O-O 11. b4 a6 12. Bb2 Qe7 13. Rc1 Rfe8 14. Re1 Rac8 15. Nh4 Bxe2 16. Qxe2 g6 17. Nf3 b5 18.
Qd3 Ne4 19. Nd2 Nxd2 20. Qxd2 Nb6 21. Qd3 Nc4 22. Rc2 f5 23. Bc1 a5 24. bxa5 Ra8 25. a4 b4 26. Nb1 Qe4 27. Qd1 b3 28. Rxc4 dxc4 29. Nd2 Qd3 30. Qf3 Bb4 31. Rd1 Bxd2 32.
Rxd2 Qe4 33. Qe2 c3 34. Rd3 b2 35. Bxb2 cxb2 36. f3 b1=Q+ 37. Kh2 Qbxd3 0-1

[Event "Late-Titled-Tuesday-Blitz-February-27-2024"]
[Site "Chess.com"]
[Date "2024.02.27"]
[Round "9"]
[White "ElHelvetico"]
[Black "Mikayel99"]
[Result "1-0"]
[WhiteElo "2737"]
[BlackElo "2559"]
[TimeControl "180+1"]
[EndTime "15:43:29 PST"]
[Termination "ElHelvetico won by resignation"]

1. Nf3 d5 2. g3 g6 3. Bg2 Bg7 4.
d4 c5 5. c3 Nd7 6. O-O e6 7.
Bg5 Ne7 8. Nbd2 h6 9. Bxe7 Qxe7 10. e4 dxe4 11. Nxe4 O-O 12. Re1 Rd8 13. Qb3 cxd4 14.
Nxd4 Nf6 15. Rad1 Nxe4 16. Bxe4 e5 17. Nf3 Be6 18. Bd5 e4 19. Rxe4 Rxd5 20. Rxd5 Qf6 21. Qxb7 Bxd5 22. Qxd5 Rd8 23. Qb7 Bf8 24. Kg2 Rd3 25. Rf4 Qe6 26. Nd4 Qe8 27. Re4 Qd8 28.
Qc6 Rd2 29. Re8 Qg5 30. Nf3 Rxf2+ 31. Kxf2 1-0

[Event "Late-Titled-Tuesday-Blitz-February-27-2024"]
[Site "Chess.com"]
[Date "2024.02.27"]
[Round "9"]
[White "MITerryble"]
[Black "ckgchess"]
[Result "1-0"]
[WhiteElo "3025"]
[BlackElo "2882"]
[TimeControl "180+1"]
[EndTime "15:43:30 PST"]
[Termination "MITerryble won by resignation"]

1. d4 Nf6 2. Nf3 d5 3. c4 e6 4.
Nc3 Be7 5. Bf4 O-O 6. e3 Nbd7 7. c5 Nh5 8. Bd3 b6 9. b4 a5 10. a3 Nxf4 11. exf4 c6 12. O-O Ba6 13. Qd2 Bxd3 14.
Qxd3 Bf6 15. g3 Ra7 16. Kg2 Qa8 17. Rab1 axb4 18. axb4 Ra3 19. Rfc1 Qa7 20. Qd2 Ra8 21. Ne5 Bxe5 22. fxe5 f6 23. b5 Qc7 24. exf6 bxc5 25. fxg7 cxd4 26. Qxd4 c5 27. Qg4 Qe5 28. Re1 Qxc3 29.
Qxe6+ Kxg7 30. Qxd7+ Kh8 31. Qxd5 Rf8 32. Re2 c4 33. b6 Rb3 34. Rxb3 cxb3 35. Qe5+ Qxe5 36. Rxe5 1-0

[Event "Late-Titled-Tuesday-Blitz-February-27-2024"]
[Site "Chess.com"]
[Date "2024.02.27"]
[Round "9"]
[White "Baronessa08"]
[Black "LikeWater"]
[Result "1-0"]
[WhiteElo "2552"]
[BlackElo "2682"]
[TimeControl "180+1"]
[EndTime "15:43:30 PST"]
[Termination "Baronessa08 won by resignation"]

1. Nf3 d5 2. g3 c6 3. Bg2 Bf5 4. b3 Nd7 5. Bb2 h6 6. O-O e6 7. d3 Ngf6 8. Nbd2 Bh7 9. Qe1 Bc5 10.
e4 O-O 11. Kh1 a5 12. a4 b5 13. e5 Ne8 14. Nh4 Bb4 15. f4 bxa4 16. bxa4 Nc5 17. f5 Rb8 18. Bc1 exf5 19. Nxf5 Ne6 20. Nh4 N8c7 21.
Ba3 Nd4 22. Qd1 Bc3 23. Rb1 Re8 24. Rxb8 Qxb8 25. Bd6 Qb6 26. Ndf3 Nce6 27. Nxd4 Nxd4 28. Qh5 Nxc2 29. Qxf7+ Kh8 30. Qxe8+ Bg8 31. Ng6+ Kh7 32. Ne7 1-0

[Event "Late-Titled-Tuesday-Blitz-February-27-2024"]
[Site "Chess.com"]
[Date "2024.02.27"]
[Round "9"]
[White "Yahisalem"]
[Black "GoValya"]
[Result "1/2-1/2"]
[WhiteElo "2054"]
[BlackElo "2244"]
[TimeControl "180+1"]
[EndTime "15:43:37 PST"]
[Termination "Game drawn - insufficient material"]

1. e4 e6 2. Nf3 d5 3. Nc3 b6 4. exd5 exd5 5. d4 Nf6 6. Bg5 Be7 7. Bd3 O-O 8. Qd2 c5 9. O-O Nc6 10. dxc5 bxc5 11. Bxf6 Bxf6 12. Nxd5 Bxb2 13. Rab1 Bd4 14. c4 h6 15. Bc2 Bg4 16. Nxd4 Nxd4 17. Qd3 f5 18. f3 Bh5 19. Rbe1 Bf7 20. Ne7+ Kh8 21. Nxf5 Nxc2 22. Qxc2 Bg6 23. g4 Bxf5 24. gxf5 Qd4+ 25.
Kh1 Rad8 26. Qe4 Qb2 27. Re2 Qf6 28. Qe6 Qxf5 29. Qxf5 Rxf5 30. Re7 Rf4 31. Rc1 Rxf3 32. Kg2 Ra3 33. Rc2 Kg8 34. h4 Kf8 35. Rce2 Ra4 36.
R2e4 Rd2+ 37. Kf3 Raxa2 38. Rc7 Rf2+ 39. Kg4 Rg2+ 40. Kf5 Raf2+ 41. Ke6 Rg6+ 42. Kd5 Rf5+ 43. Re5 Rxe5+ 44. Kxe5 Rf6 45. Rxa7 Rc6 46. Kd5 Rc8 47.
Ra5 g5 48. hxg5 hxg5 49. Rxc5 Rxc5+ 50. Kxc5 g4 51. Kd4 g3 52. Ke3 Ke7 53. Kf3 Kd6 54.
Kxg3 Kc5 55. Kf4 Kxc4 1/2-1/2

[Event "Late-Titled-Tuesday-Blitz-February-27-2024"]
[Site "Chess.com"]
[Date "2024.02.27"]
[Round "9"]
[White "xakevicius91"]
[Black "Rutricks"]
[Result "0-1"]
[WhiteElo "2575"]
[BlackElo "2704"]
[TimeControl "180+1"]
[EndTime "15:43:39 PST"]
[Termination "Rutricks won by resignation"]

1. e4 g6 2. d4 Bg7 3. Nc3 c6 4. Nf3 d5 5. h3 dxe4 6. Nxe4 Nf6 7. Nxf6+ exf6 8. Bc4 O-O 9. O-O a5 10. a4 Na6 11. Bd2 Nc7 12. Re1 Nd5 13. Ba2 Be6 14.
c4 Nb4 15. Bxb4 axb4 16. Bb3 Qa5 17. d5 Rfd8 18. Nd4 Bd7 19. Qe2 f5 20. Nf3 Re8 21. Qd2 cxd5 22. cxd5 Rxe1+ 23. Nxe1 b5 24. Nf3 bxa4 25. d6 Qb5 26. Ng5 Be8 27. d7 Qxd7 28.
Bxf7+ Kh8 29. Bd5 Rd8 30. Rd1 a3 31. bxa3 bxa3 32. Ne6 Qxd5 33. Qxd5 Rxd5 34. Rxd5 a2 35. Ra5 a1=Q+ 36. Rxa1 Bxa1 37. Nf4 Be5 38. Ne2 Bb5 39. Nc1 Bc4 40. g3 Bb2 0-1

[Event "Late-Titled-Tuesday-Blitz-February-27-2024"]
[Site "Chess.com"]
[Date "2024.02.27"]
[Round "9"]
[White "karinachess1"]
[Black "Flaccidmoves"]
[Result "0-1"]
[WhiteElo "2588"]
[BlackElo "2465"]
[TimeControl "180+1"]
[EndTime "15:43:40 PST"]
[Termination "Flaccidmoves won on time"]

1. d4 d6 2. Nf3 Bg4 3. c4 Nf6 4. Nc3 c6 5. e4 Bxf3 6. Qxf3 e5 7.
Be3 Be7 8. dxe5 dxe5 9. Qg3 Qa5 10. Bd3 O-O 11. O-O Nbd7 12. a3 Qc7 13. b4 a5 14.
c5 axb4 15. axb4 Rfd8 16. Bc4 Nf8 17. b5 Ne6 18. Bxe6 fxe6 19. Qh3 Qd7 20. Rad1 Qc8 21. Rxd8+ Bxd8 22. bxc6 Qxc6 23. Rc1 Ra3 24. f3 Ba5 25.
Nd1 Rxe3 26. Nxe3 Bd2 27. Ra1 Bxe3+ 28. Kh1 h6 29. Qh4 Qxc5 30. Qe1 Bd4 31. Rc1 Qb5 32. Rb1 Qc6 33. Qb4 b6 34. Qe7 Kh7 35. h3 Nh5 36. Qh4 Nf4 37. Qg4 Qc2 38. Rf1 b5 39. h4 b4 40. Kh2 b3 0-1

[Event "Late-Titled-Tuesday-Blitz-February-27-2024"]
[Site "Chess.com"]
[Date "2024.02.27"]
[Round "9"]
[White "gahryman"]
[Black "Boorchess"]
[Result "1-0"]
[WhiteElo "2696"]
[BlackElo "2523"]
[TimeControl "180+1"]
[EndTime "15:43:41 PST"]
[Termination "gahryman won by checkmate"]

1. e4 e5 2. Nf3 Nf6 3. Nxe5 d6 4.
Nf3 Nxe4 5. d3 Nf6 6. d4 g6 7. c4 Bg7 8. h3 O-O 9. Be2 Re8 10. O-O b6 11. Nc3 Bb7 12. d5 Nbd7 13. Nd4 Nc5 14.
Bf3 Qd7 15. Be3 a5 16. Qc2 Re7 17. Nc6 Rxe3 18. fxe3 Qe8 19. Nb5 Qd7 20. e4 Re8 21. Rae1 Bxc6 22. dxc6 Qe7 23. b3 h5 24. a3 Nh7 25. b4 axb4 26. axb4 Ne6 27. e5 Bxe5 28. Bd5 Kg7 29. Kh1 Nhf8 30. Re3 Qg5 31. Nxc7 Nxc7 32. Rxf7+ Kh8 33. Rxe5 dxe5 34. Rxc7 Nh7 35.
Qf2 Rf8 36. Rxh7+ Kxh7 37. Qxf8 Qc1+ 38. Kh2 Qe3 39. Bg8+ Kh8 40. Bf7+ Kh7 41. Qg8+ Kh6 42. Qxg6# 1-0

[Event "Late-Titled-Tuesday-Blitz-February-27-2024"]
[Site "Chess.com"]
[Date "2024.02.27"]
[Round "9"]
[White "TheAlienParty"]
[Black "Unkreativ3"]
[Result "0-1"]
[WhiteElo "2376"]
[BlackElo "2588"]
[TimeControl "180+1"]
[EndTime "15:43:41 PST"]
[Termination "Unkreativ3 won by resignation"]

1. c4 e5 2. Nc3 Nf6 3. Nf3 Nc6 4. e4 g6 5. d4 exd4 6. Nxd4 Bg7 7. Be3 O-O 8. f3 d6 9. Be2 a5 10. Nc2 Nd7 11.
O-O Nc5 12. Qd2 f5 13. exf5 Bxf5 14. Nd4 Nxd4 15. Bxd4 Bxd4+ 16. Qxd4 Qf6 17. Qd2 Rfe8 18. Rae1 Re5 19. Nd5 Qf7 20. f4 Ree8 21. Qc3 Ne4 22. Qd4 c6 23. Nb6 Ra6 24. Bf3 c5 25. Qd5 Rxb6 26. Bxe4 Rxe4 27. Rxe4 Qxd5 28. Re8+ Kf7 29. cxd5 Kxe8 30. b3 a4 31. bxa4 Rb2 32. g3 Rxa2 33. Rf3 Ra1+ 34. Kf2 Ra2+ 35. Ke1 Rxa4 36. Rb3 Rb4 37. Ra3 h5 38. Ra8+ Ke7 39. Rg8 b5 40. Rg7+ Kf6 41. Rb7 Re4+ 42. Kf2 b4 43. Rb6 Ke7 44.
Rb7+ Bd7 45. Kf3 Rd4 46. f5 gxf5 47. h3 Rxd5 48. Kf4 Rd3 49. h4 Ke6 50. Kg5 Rxg3+ 51.
Kxh5 Be8+ 52. Kh6 f4 53. h5 f3 54. Kh7 Bxh5 55. Kh8 f2 56. Rh7 Bg6 0-1

[Event "Late-Titled-Tuesday-Blitz-February-27-2024"]
[Site "Chess.com"]
[Date "2024.02.27"]
[Round "9"]
[White "Narek_Ghimoyan"]
[Black "stollenmonster"]
[Result "0-1"]
[WhiteElo "2424"]
[BlackElo "2851"]
[TimeControl "180+1"]
[EndTime "15:43:42 PST"]
[Termination "stollenmonster won by resignation"]

1. d4 Nf6 2. c4 e6 3. Nf3 d5 4. Nc3 Ne4 5. e3 f5 6. Bd3 c6 7. O-O Be7 8. Qc2 O-O 9. b3 Bd7 10. Bb2 Be8 11. Ne5 Nd7 12. Nxd7 Qxd7 13. f3 Nxc3 14.
Bxc3 Bg6 15. e4 fxe4 16. fxe4 Bg5 17. exd5 Bxd3 18. Qxd3 exd5 19. c5 Qe6 20. Rae1 Rxf1+ 21. Qxf1 Qg6 22. Qe2 Rf8 23. Qe6+ Qxe6 24. Rxe6 Kf7 25. Re2 Bf6 26. b4 b6 27. cxb6 axb6 28. a4 Ra8 29. a5 bxa5 30. bxa5 c5 31. Ra2 cxd4 32. Bd2 d3 33. Ra3 Rb8 34. Rxd3 Ke6 35. g3 Rb2 36. Kf2 d4 37. Kf3 Kd5 38. Bf4 Ra2 39. g4 Be5 40.
Bxe5 Kxe5 41. Rd1 Ra3+ 42. Kg2 d3 43. Re1+ Kd4 44. Kf3 d2+ 0-1

[Event "Late-Titled-Tuesday-Blitz-February-27-2024"]
[Site "Chess.com"]
[Date "2024.02.27"]
[Round "9"]
[White "BogdanDeac"]
[Black "lamomiajunior"]
[Result "1-0"]
[WhiteElo "2952"]
[BlackElo "2732"]
[TimeControl "180+1"]
[EndTime "15:43:43 PST"]
[Termination "BogdanDeac won by resignation"]

1. d4 Nf6 2. c4 e6 3. Nf3 d5 4. Nc3 Bb4 5. Bg5 h6 6. Bxf6 Qxf6 7. Qa4+ Nc6 8. e3 O-O 9. Rd1 a5 10. a3 Bxc3+ 11. bxc3 Bd7 12. cxd5 exd5 13. Qb3 Qd6 14. a4 Ne7 15. Bd3 b6 16. O-O c5 17. c4 cxd4 18. Nxd4 Rac8 19. cxd5 Qxd5 20. Qxb6 Bxa4 21. Ra1 Bc6 22.
f3 a4 23. Be4 Qg5 24. Nxc6 Nxc6 25. Bxc6 Qf6 26. Rfc1 Rfd8 27. Rxa4 Rd6 28. Rac4 Qe6 29. e4 Qe5 30. Qb7 Rcxc6 31. Qxc6 Rxc6 32. Rxc6 Qd4+ 33. Kh1 Qf2 34. h3 h5 35. R6c2 Qg3 36. Re2 h4 37. e5 Qf4 38. Rce1 Qg3 39. e6 fxe6 40. Rxe6 Kh7 41.
R1e4 Qf2 42. Rg4 Kh8 43. Ree4 1-0

[Event "Late-Titled-Tuesday-Blitz-February-27-2024"]
[Site "Chess.com"]
[Date "2024.02.27"]
[Round "9"]
[White "ural58"]
[Black "Aleksandar-Topalov"]
[Result "1-0"]
[WhiteElo "2491"]
[BlackElo "2367"]
[TimeControl "180+1"]
[EndTime "15:43:43 PST"]
[Termination "ural58 won on time"]

1. e4 e6 2. d4 d5 3. Nc3 Bb4 4.
Ne2 Nf6 5. e5 Ne4 6. f3 Nxc3 7.
bxc3 Be7 8. g3 b6 9. Nf4 g6 10.
h4 h5 11. Kf2 Ba6 12. Bd3 Qd7 13. a4 Bxd3 14. cxd3 Nc6 15. Bd2 Na5 16. c4 dxc4 17.
Bxa5 Qxd4+ 18. Kg2 bxa5 19. dxc4 Qxe5 20. Re1 Qf5 21. Rb1 Rd8 22. Qe2 Bb4 23. Qe5 Qxe5 24.
Rxe5 Rd2+ 25. Re2 Rd4 26. Re4 Rxe4 27. fxe4 Ke7 28. Nd3 Rb8 29. Ne5 Rb6 30. Rf1 f6 31. Nxg6+ Kf7 32. Nf4 Bd6 33. Nxh5 Rb2+ 34. Kh3 Be5 35.
Rd1 Ke7 36. Nf4 Rb3 37. Ng6+ Ke8 38. Nxe5 fxe5 39. h5 1-0

[Event "Late-Titled-Tuesday-Blitz-February-27-2024"]
[Site "Chess.com"]
[Date "2024.02.27"]
[Round "9"]
[White "otrov-11"]
[Black "DeTimmerman"]
[Result "0-1"]
[WhiteElo "2613"]
[BlackElo "2748"]
[TimeControl "180+1"]
[EndTime "15:43:44 PST"]
[Termination "DeTimmerman won by resignation"]

1. d4 Nf6 2. c4 e6 3. g3 d5 4. Nf3 Be7 5. Bg2 O-O 6. O-O dxc4 7. Qc2 b5 8. a4 b4 9. Ne5 Qxd4 10.
Bxa8 Qxe5 11. Bf4 Qh5 12. Bg2 e5 13. Bc1 Be6 14. Nd2 Qxe2 15. Bf3 Qd3 16. Qxd3 cxd3 17. Re1 Nbd7 18. b3 Nc5 19. Bb2 e4 20. Nxe4 Nfxe4 21. Bxe4 d2 22. Re2 Nxe4 23. Rxe4 Rd8 24. Rd1 Bf6 25.
Bxf6 gxf6 26. Re2 Bxb3 27. Rdxd2 Rxd2 28. Rxd2 c5 29. Rd8+ Kg7 30. a5 c4 31. Kf1 c3 32.
Ke2 Bc4+ 33. Kd1 b3 34. Rd4 b2 35. Kc2 Be6 36. g4 Ba2 37. Rb4 f5 38. gxf5 Kf6 39. Rb5 a6 40. Rb6+ Kxf5 41. Kxc3 b1=Q 42. Rxb1 Bxb1 0-1